 Dungeon Crawl Stone Soup version 0.26-a0-1058-g8dc6ce00ff (webtiles) character file.

Game seed: 16693149494566236210

693 Froggeryz the Covered (level 7, -2/84 HPs)
             Began as a Gnoll Wanderer on Dec 13, 2020.
             Slain by an ogre
             ... wielding a +0 giant club
              (22 damage)
             ... on level 5 of the Dungeon.
             The game lasted 00:09:36 (5826 turns).

Froggeryz the Covered (Gnoll Wanderer)              Turns: 5826, Time: 00:09:37

Health: -2/84      AC: 23    Str: 19    XL:     7   Next: 64%
Magic:  10/10      EV:  2    Int: 13    God:
Gold:   214        SH:  0    Dex: 13    Spells: 11/11 levels left

rFire    . . .     SeeInvis +   v - +2 whip (freeze)
rCold    . . .     Faith    .   k - +2 buckler
rNeg     + + +     Spirit   .   (armour currently unavailable)
rPois    +         Reflect  .   (helmet currently unavailable)
rElec    .         Harm     .   (cloak currently unavailable)
rCorr    .         Rampage  .   (gloves currently unavailable)
Will     .....     NoTele   +   (boots currently unavailable)
Stlth    +.........             (no amulet)
HPRegen  0.24/turn              i - ring of flight
MPRegen  0.12/turn              p - ring of see invisible

@: confused, tree-form
A: distributed training, strong nose
a: no special abilities


You were on level 5 of the Dungeon.
You were a tree.
You visited 1 branch of the dungeon, and saw 5 of its levels.

You collected 214 gold pieces.

Inventory:

Hand Weapons
 a - a +2 shortbow
 v - a +2 whip of freezing (weapon)
Missiles
 b - 103 arrows
Armour
 k - a +2 buckler (worn)
 l - a +0 helmet (melded)
 q - a cursed +0 leather armour (melded)
Jewellery
 i - a ring of flight (left branch)
 p - a ring of see invisible (right branch)
Scrolls
 e - a scroll of immolation {unknown}
 g - 4 scrolls of identify {unknown}
 o - 2 scrolls of enchant armour {unknown}
 s - 4 scrolls of remove curse {unknown}
 t - 2 scrolls of enchant weapon {unknown}
 u - a scroll of amnesia {unknown}
Potions
 c - 2 potions of lignification
 f - 2 potions of haste {unknown}
 h - 2 potions of brilliance {unknown}
 j - 5 potions of might {unknown}
 m - a potion of resistance {unknown}
 n - a potion of mutation {unknown}
 r - 2 potions of degeneration {unknown}
 w - a potion of flight {unknown}


   Skills:
 + Level 5.3 Fighting
 + Level 2.6 Short Blades
 + Level 2.6 Long Blades
 + Level 2.6 Axes
 + Level 2.6 Maces & Flails
 + Level 2.6 Polearms
 + Level 2.6 Staves
 + Level 2.6 Slings
 + Level 7.1 Bows
 + Level 2.6 Crossbows
 + Level 2.6 Throwing
 + Level 7.1 Armour
 + Level 2.6 Dodging
 + Level 3.5 Stealth
 + Level 2.6 Shields
 + Level 2.6 Unarmed Combat
 + Level 2.6 Spellcasting
 + Level 2.1 Conjurations
 + Level 2.1 Hexes
 + Level 2.1 Summonings
 + Level 2.1 Necromancy
 + Level 2.1 Translocations
 + Level 2.1 Transmutations
 + Level 2.1 Fire Magic
 + Level 2.1 Ice Magic
 + Level 2.1 Air Magic
 + Level 2.1 Earth Magic
 + Level 2.1 Poison Magic
 + Level 2.9 Invocations
 + Level 3.7 Evocations


You had 11 spell levels left.
You didn't know any spells.
Your spell library was empty.

Dungeon Overview and Level Annotations

Branches:
Dungeon (5/15)
 Temple: D:4-7

Altars:
Ashenzari
Elyvilon
Fedhas
Hepliaklqana
Kikubaaqudgha
Sif Muna
Vehumet


Innate Abilities, Weirdness & Mutations

Your experience applies equally to all skills.
((You have very sharp teeth.))
Your uncanny sense of smell can sniff out nearby items.


Message History

The orc priest invokes the aid of Beogh against you.
Pain shoots through your body!
You hit the orc priest. You freeze the orc priest.
You kill the orc priest!
The orc wizard closely misses you.
You completely miss the ogre. Your bite misses the ogre.
The orc wizard casts a spell at you.
You are confused.
The ogre hits you with a +0 giant club!
The orc wizard points at you and mumbles some strange words.
The magic dart hits you!
* * * LOW HITPOINT WARNING * * *
Really quaff the potion of lignification?
You turn into a tree.
Your +0 helmet melds into your body.
Your cursed +0 leather armour melds into your body.
Your roots penetrate the ground.
The orc wizard points at you and mumbles some strange words.
The magic dart hits you but does no damage.
The ogre hits you with a +0 giant club!!
You die...

#............#
#..........).#..#
#............#..+
#............#..# . #
#............#..# ..
..####............#..##...
..#..#............#......?
....<#...........O#.......
.##..'..........♣o).......
###..#............#.......
.....#............#####?..
.....#............... .
###..#####...........∆
.###+##..'..^.........
..#......#............
..#......#............#
..#......#............


You could see an ogre and an orc wizard (invisible).

Vanquished Creatures
  An ice beast (D:5)
  A sky beast (D:4)
  An ogre (D:4)
  A scorpion (D:4)
  3 hounds
  2 orc wizards
  2 orc priests
  A worker ant (D:4)
  4 adders
  A white imp (D:4)
  An adder skeleton (D:4)
  2 worms
  6 dart slugs
  2 leopard geckos
  10 orcs
  A ball python (D:3)
  5 bats
  6 goblins
  9 hobgoblins
  7 jackals (D:1)
  10 kobolds
  3 quokkas
  2 frilled lizards
  A jackal skeleton (D:4)
  8 rats
90 creatures vanquished.

Vanquished Creatures (others)
  A bat (D:2)
1 creature vanquished.

Grand Total: 91 creatures vanquished

Notes
Turn   | Place    | Note
-------+----------+-------------------------------------------
     0 | D:1      | Froggeryz the Gnoll Wanderer began the quest for the Orb.
     0 | D:1      | Froggeryz set off with the following items: a +2 shortbow,
                  | 24 arrows, a potion of lignification, a potion of curing, a
                  | +0 robe
     0 | D:1      | Reached XP level 1. HP: 20/20 MP: 1/1
   155 | D:1      | Reached XP level 2. HP: 14/26 MP: 2/2
   514 | D:1      | Reached XP level 3. HP: 31/31 MP: 3/3
   707 | D:1      | Reached skill level 1 in Invocations
  1042 | D:2      | Reached skill level 1 in Short Blades
  1042 | D:2      | Reached skill level 1 in Long Blades
  1042 | D:2      | Reached skill level 1 in Axes
  1042 | D:2      | Reached skill level 1 in Maces & Flails
  1042 | D:2      | Reached skill level 1 in Polearms
  1042 | D:2      | Reached skill level 1 in Staves
  1042 | D:2      | Reached skill level 1 in Slings
  1042 | D:2      | Reached skill level 1 in Crossbows
  1042 | D:2      | Reached skill level 1 in Throwing
  1042 | D:2      | Reached skill level 1 in Dodging
  1042 | D:2      | Reached skill level 1 in Shields
  1042 | D:2      | Reached skill level 1 in Unarmed Combat
  1042 | D:2      | Reached skill level 1 in Spellcasting
  1058 | D:1      | Reached XP level 4. HP: 16/38 MP: 5/5
  1068 | D:1      | Reached skill level 1 in Conjurations
  1068 | D:1      | Reached skill level 1 in Hexes
  1068 | D:1      | Reached skill level 1 in Summonings
  1068 | D:1      | Reached skill level 1 in Necromancy
  1068 | D:1      | Reached skill level 1 in Translocations
  1068 | D:1      | Reached skill level 1 in Transmutations
  1068 | D:1      | Reached skill level 1 in Fire Magic
  1068 | D:1      | Reached skill level 1 in Ice Magic
  1068 | D:1      | Reached skill level 1 in Air Magic
  1068 | D:1      | Reached skill level 1 in Earth Magic
  1068 | D:1      | Reached skill level 1 in Poison Magic
  1372 | D:2      | Reached XP level 5. HP: 27/43 MP: 6/6
  1687 | D:2      | Found a white marble altar of Elyvilon.
  1690 | D:2      | Found a hazy altar of Hepliaklqana.
  1693 | D:2      | Found an ancient bone altar of Kikubaaqudgha.
  1696 | D:2      | Found a blossoming altar of Fedhas.
  2399 | D:2      | Found a broken altar of Ashenzari.
  2709 | D:2      | HP: 2/43 [orc/+0 hand axe (2)]
  3796 | D:3      | Found a shimmering blue altar of Sif Muna.
  3892 | D:3      | Found a radiant altar of Vehumet.
  4012 | D:4      | Reached XP level 6. HP: 50/50 MP: 8/8
  4022 | D:4      | You fall into a shaft and drop 1 floor!
  4022 | D:5      | Entered Level 5 of the Dungeon
  4664 | D:4      | Reached skill level 5 in Fighting
  5155 | D:4      | Noticed a sky beast
  5298 | D:4      | Reached XP level 7. HP: 30/56 MP: 10/10
  5826 | D:5      | Slain by an ogre

Illustrated notes

Levels and vault maps discovered:
D:1:      psy_arrival_heroes, layout_basic
D:2:      layout_basic, grunt_temple_overflow_cloverleaf, ashenzari_altar_1
D:3:      layout_rooms, vehumet_crystals, old_standard_altar
D:4:      layout_rooms
D:5:      layout_gridville, kennysheep_mini_moat, bloody_makhleb

Skill      XL: |  1  2  3  4  5  6  7 |
---------------+----------------------+-----
Invocations    | 1 2 |  2.9
Short Blades   | 1 2 |  2.6
Long Blades    | 1 2 |  2.6
Axes           | 1 2 |  2.6
Maces & Flails | 1 2 |  2.6
Polearms       | 1 2 |  2.6
Staves         | 1 2 |  2.6
Slings         | 1 2 |  2.6
Crossbows      | 1 2 |  2.6
Throwing       | 1 2 |  2.6
Dodging        | 1 2 |  2.6
Shields        | 1 2 |  2.6
Unarmed Combat | 1 2 |  2.6
Spellcasting   | 1 2 |  2.6
Conjurations   | 1 2 |  2.1
Hexes          | 1 2 |  2.1
Summonings     | 1 2 |  2.1
Necromancy     | 1 2 |  2.1
Translocations | 1 2 |  2.1
Transmutations | 1 2 |  2.1
Fire Magic     | 1 2 |  2.1
Ice Magic      | 1 2 |  2.1
Air Magic      | 1 2 |  2.1
Earth Magic    | 1 2 |  2.1
Poison Magic   | 1 2 |  2.1
Evocations     | 3 |  3.7
Stealth        | 3 |  3.5
Fighting       | 5 |  5.3
Bows           | 7 |  7.1
Armour         | 7 |  7.1

Action                   |  1- 3 |  4- 6 |  7- 9 || total
-------------------------+-------+-------+-------++-------
Melee: Unarmed           |    13 |       |       ||    13
       Shortbow          |     3 |       |       ||     3
       Mace              |       |   142 |       ||   142
       Bite              |       |    24 |     7 ||    31
       Whip              |       |    49 |    40 ||    89
 Fire: Shortbow          |    82 |    23 |       ||   105
  Use: Potion            |     1 |     1 |     1 ||     3
 Stab: Sleeping          |       |     5 |     1 ||     6
Armor: Robe              |     8 |       |       ||     8
       Leather armour    |       |    44 |     8 ||    52
       Skin              |       |       |     1 ||     1
Dodge: Dodged            |    24 |    99 |    16 ||   139
Block: Buckler           |       |    26 |     9 ||    35

Table legend: (Time is in decaauts)
 A = Elapsed time spent in this place.
 B = Non-inter-level travel time spent in this place.
 C = Inter-level travel time spent in this place.
 D = Time resting spent in this place.
 E = Time spent auto-exploring this place.
 F = Levels seen in this place.
 G = Mean time per level.
                   A        B        C        D        E       F      G
               +--------+--------+--------+--------+--------+-----+--------+
         Total |   5873 |   5749 |    124 |   2212 |   2710 |   5 | 1174.6 |
       Dungeon |   5873 |   5749 |    124 |   2212 |   2710 |   5 | 1174.6 |
               +--------+--------+--------+--------+--------+-----+--------+

Top non-repeatable levels by time:
     D:2: 1632 daAuts
     D:3: 1366 daAuts
     D:4: 1331 daAuts
     D:1: 1329 daAuts
     D:5: 213 daAuts
